General information
- name: BNet
- type: Ladder team game (AT/RT)
- host: Battle.net
- saver: TiAl1
map: Mur'gulOasis_LV
- players: 8
- length: 22:38
- speed: Fast
- version: 1.29 W3XP
- replay type: Public
» download(279 KB)
Players
team 1 (loser)
Hunter. (
orange | 74 APM | 1606 actions | 21:34)
5 Keeper of the Grove
3 Entangling Roots
2 Thorns Aura
2 Priestess of the Moon
1 Trueshot Aura
1 Searing Arrows
» actions
| Assign group hotkey | 43 | |
| Basic commands | 132 | |
| Build / train | 85 | |
| ESC pressed | 3 | |
| Enter build submenu | 9 | |
| Enter hero's abilities submenu | 7 | |
| Give item / drop item | 1 | |
| Right click | 417 | |
| Select / deselect | 301 | |
| Select group hotkey | 513 | |
| Use ability | 95 | |
1606 total
» units
| Wisp | 16 | |
| Archer | 21 | |
| Druid of the Talon | 5 | |
| Dryad | 8 | |
| Mountain Giant | 3 | |
| Faerie Dragon | 3 | |
| Hippogryph | 1 | |
57 total
» upgrades
| Ultravision | 1 | |
| Strength of the Moon | 2 | |
| Improved Bows | 1 | |
| Moon Armor | 1 | |
| Strength of the Wild | 1 | |
| Reinforced Hides | 1 | |
| Druid of the Talon Training | 1 | |
| Abolish Magic | 1 | |
| Backpack | 1 | |
10 total
» buildings
| Altar of Elders | 1 | |
| Moon Well | 6 | |
| Ancient of War | 1 | |
| Hunter's Hall | 1 | |
| Ancient of Wonders | 1 | |
| Tree of Ages | 1 | |
| Ancient of Lore | 1 | |
| Ancient of Wind | 1 | |
13 total
» build order
00:25 Altar of Elders
00:38 Moon Well
00:56 Ancient of War
01:38 Moon Well
01:39 Moon Well
01:40 Moon Well
01:40 Moon Well
01:41 Moon Well
02:28 Hunter's Hall
02:30 Ancient of Wonders
04:49 Tree of Ages
08:33 Ancient of Lore
08:34 Ancient of Wind
» items

»
Debaser19 (
teal | 87 APM | 1954 actions | 22:33)
5 Tauren Chieftain
2 Endurance Aura
3 War Stomp
» actions
| Assign group hotkey | 31 | |
| Basic commands | 57 | |
| Build / train | 59 | |
| Enter build submenu | 18 | |
| Enter hero's abilities submenu | 5 | |
| Give item / drop item | 2 | |
| Right click | 888 | |
| Select / deselect | 254 | |
| Select group hotkey | 577 | |
| Use ability | 63 | |
1954 total
» units
| Peon | 8 | |
| Troll Headhunter/Berserker | 17 | |
| Tauren | 8 | |
33 total
» upgrades
| Ranged Weapons | 1 | |
| Berserker Upgrade | 1 | |
| Armor | 2 | |
| Pulverize | 1 | |
| Reinforced Defenses | 1 | |
| Melee Weapons | 1 | |
7 total
» buildings
| Altar of Storms | 1 | |
| Orc Burrow | 7 | |
| War Mill | 1 | |
| Barracks | 1 | |
| Voodoo Lounge | 1 | |
| Stronghold | 1 | |
| Fortress | 1 | |
| Tauren Totem | 2 | |
| Watch Tower | 3 | |
18 total
» build order
00:07 Altar of Storms
00:19 Orc Burrow
00:36 War Mill
01:18 Barracks
01:55 Orc Burrow
02:27 Voodoo Lounge
02:54 Orc Burrow
04:11 Stronghold
05:31 Orc Burrow
06:36 Fortress
10:07 Tauren Totem
10:08 Tauren Totem
10:12 Orc Burrow
11:10 Orc Burrow
11:21 Watch Tower
11:23 Watch Tower
12:52 Watch Tower
14:33 Orc Burrow
» items
| Healing Salve | 4 | |
| Lesser Clarity Potion | 3 | |
| Scroll of Town Portal | 3 | |
| Scroll of Speed | 1 | |
11 total

»
Brewers (
yellow | 52 APM | 1183 actions | 22:36)
4 Death Knight
2 Death Coil
2 Unholy Aura
1 Dreadlord
1 Sleep
» actions
| Assign group hotkey | 15 | |
| Basic commands | 45 | |
| Build / train | 55 | |
| ESC pressed | 3 | |
| Enter build submenu | 29 | |
| Enter hero's abilities submenu | 5 | |
| Remove unit from queue | 4 | |
| Right click | 407 | |
| Select / deselect | 200 | |
| Select group hotkey | 361 | |
| Use ability | 59 | |
1183 total
» units
| Acolyte | 8 | |
| Ghoul | 12 | |
| Crypt Fiend | 7 | |
| Frost Wyrm | 3 | |
30 total
» upgrades
» buildings
| Ziggurat | 21 | |
| Altar of Darkness | 1 | |
| Crypt | 4 | |
| Graveyard | 1 | |
| Tomb of Relics | 4 | |
| Nerubian Tower | 1 | |
| Spirit Tower | 8 | |
| Halls of the Dead | 1 | |
| Black Citadel | 1 | |
| Sacrificial Pit | 1 | |
| Boneyard | 3 | |
46 total
» build order
00:21 Ziggurat
00:32 Altar of Darkness
00:47 Crypt
01:01 Graveyard
01:22 Ziggurat
01:51 Tomb of Relics
02:18 Nerubian Tower
02:33 Spirit Tower
02:59 Ziggurat
03:23 Ziggurat
04:40 Halls of the Dead
05:37 Spirit Tower
06:43 Ziggurat
09:14 Crypt
09:23 Crypt
09:26 Ziggurat
09:28 Ziggurat
09:29 Ziggurat
10:26 Spirit Tower
10:32 Spirit Tower
10:45 Ziggurat
10:48 Tomb of Relics
11:23 Ziggurat
12:55 Crypt
13:03 Tomb of Relics
13:08 Ziggurat
13:16 Black Citadel
14:01 Spirit Tower
14:42 Ziggurat
14:46 Tomb of Relics
15:07 Sacrificial Pit
15:39 Spirit Tower
15:57 Ziggurat
15:59 Ziggurat
16:00 Ziggurat
16:01 Ziggurat
16:07 Ziggurat
16:08 Ziggurat
16:24 Boneyard
16:28 Boneyard
16:40 Boneyard
18:08 Ziggurat
18:09 Ziggurat
18:10 Ziggurat
19:12 Spirit Tower
19:27 Spirit Tower
» items
| Orb of Corruption | 1 | |
| Scroll of Town Portal | 1 | |
2 total
6ix (
red | 53 APM | 1189 actions | 22:30)
3 Blademaster
2 Wind Walk
1 Critical Strike
1 Shadow Hunter
1 Healing Wave
» actions
| Assign group hotkey | 3 | |
| Basic commands | 4 | |
| Build / train | 52 | |
| Enter build submenu | 36 | |
| Enter hero's abilities submenu | 4 | |
| Give item / drop item | 1 | |
| Right click | 719 | |
| Select / deselect | 241 | |
| Select group hotkey | 36 | |
| Use ability | 93 | |
1189 total
» units
» upgrades
| Spiked Barricades | 1 | |
| Reinforced Defenses | 1 | |
| Armor | 1 | |
| Ranged Weapons | 1 | |
| Liquid Fire | 1 | |
5 total
» buildings
| Orc Burrow | 7 | |
| Altar of Storms | 1 | |
| War Mill | 1 | |
| Voodoo Lounge | 1 | |
| Watch Tower | 13 | |
| Stronghold | 1 | |
| Fortress | 1 | |
| Tauren Totem | 3 | |
| Spirit Lodge | 2 | |
| Beastiary | 5 | |
35 total
» build order
00:28 Orc Burrow
00:42 Altar of Storms
01:11 War Mill
02:09 Voodoo Lounge
02:25 Watch Tower
03:12 Watch Tower
03:31 Orc Burrow
04:48 Watch Tower
05:10 Stronghold
05:54 Orc Burrow
07:36 Fortress
08:50 Watch Tower
08:54 Watch Tower
10:10 Watch Tower
10:21 Tauren Totem
10:26 Tauren Totem
10:39 Tauren Totem
11:09 Spirit Lodge
12:22 Beastiary
12:28 Beastiary
12:37 Watch Tower
12:46 Orc Burrow
13:15 Watch Tower
13:21 Orc Burrow
13:51 Watch Tower
14:14 Watch Tower
14:24 Watch Tower
14:37 Spirit Lodge
14:42 Beastiary
16:10 Orc Burrow
16:27 Beastiary
17:14 Watch Tower
18:24 Orc Burrow
19:37 Watch Tower
20:48 Beastiary
» items
| Healing Salve | 1 | |
| Lesser Clarity Potion | 1 | |
| Scroll of Speed | 3 | |
| Potion of Healing | 4 | |
| Potion of Mana | 3 | |
| Orb of Lightning | 1 | |
| Scroll of Town Portal | 1 | |
14 total
team 2 (winner)
iMAGiNE] (
pink | 113 APM | 2547 actions | 22:36)
3 Archmage
2 Summon Water Elemental
1 Brilliance Aura
2 Mountain King
1 Thunder Clap
1 Bash
2 Paladin
1 Holy Light
1 Devotion Aura
» actions
| Assign group hotkey | 426 | |
| Basic commands | 159 | |
| Build / train | 95 | |
| ESC pressed | 16 | |
| Enter build submenu | 47 | |
| Enter hero's abilities submenu | 8 | |
| Right click | 917 | |
| Select / deselect | 420 | |
| Select group hotkey | 327 | |
| Use ability | 132 | |
2547 total
» units
| Peasant | 12 | |
| Footman | 14 | |
| Knight | 7 | |
| Siege Engine | 4 | |
37 total
» upgrades
| Defend | 1 | |
| Lumber Harvesting | 1 | |
| Masonry | 2 | |
| Animal War Training | 1 | |
| Swords | 2 | |
| Barrage | 1 | |
| Plating | 2 | |
10 total
» buildings
| Barracks | 2 | |
| Altar of Kings | 1 | |
| Farm | 9 | |
| Lumber Mill | 2 | |
| Arcane Vault | 2 | |
| Scout Tower | 21 | |
| Arcane Tower | 5 | |
| Keep | 1 | |
| Guard Tower | 15 | |
| Castle | 2 | |
| Blacksmith | 1 | |
| Workshop | 1 | |
| Town Hall | 1 | |
63 total
» build order
00:15 Barracks
00:25 Altar of Kings
00:41 Farm
01:42 Farm
01:51 Barracks
02:09 Lumber Mill
02:28 Arcane Vault
02:50 Scout Tower
02:53 Farm
03:24 Scout Tower
03:49 Farm
03:57 Arcane Tower
03:57 Arcane Tower
04:16 Scout Tower
04:44 Arcane Tower
04:44 Arcane Tower
04:44 Arcane Tower
05:49 Keep
06:25 Scout Tower
06:30 Farm
06:31 Scout Tower
07:04 Guard Tower
07:04 Guard Tower
07:05 Scout Tower
07:09 Scout Tower
07:18 Scout Tower
07:22 Scout Tower
07:24 Guard Tower
07:24 Guard Tower
07:24 Guard Tower
07:36 Guard Tower
07:36 Guard Tower
07:49 Guard Tower
07:50 Scout Tower
08:07 Guard Tower
08:07 Guard Tower
08:18 Scout Tower
08:22 Guard Tower
08:22 Guard Tower
08:22 Guard Tower
08:46 Guard Tower
08:47 Guard Tower
10:09 Castle
10:09 Castle
10:43 Blacksmith
10:49 Farm
10:50 Farm
11:00 Lumber Mill
12:25 Workshop
13:52 Farm
14:40 Farm
21:33 Town Hall
21:35 Scout Tower
21:36 Scout Tower
21:39 Scout Tower
21:39 Scout Tower
21:41 Scout Tower
21:42 Scout Tower
21:42 Scout Tower
21:43 Scout Tower
21:45 Arcane Vault
21:47 Scout Tower
21:48 Scout Tower
» items
| Scroll of Regeneration | 3 | |
| Lesser Clarity Potion | 2 | |
| Scroll of Town Portal | 2 | |
7 total
GANJAKING (
blue | 84 APM | 1897 actions | 22:36)
5 Priestess of the Moon
3 Trueshot Aura
2 Searing Arrows
3 Keeper of the Grove
1 Entangling Roots
2 Force of Nature
» actions
| Assign group hotkey | 124 | |
| Basic commands | 146 | |
| Build / train | 75 | |
| ESC pressed | 1 | |
| Enter build submenu | 13 | |
| Enter hero's abilities submenu | 10 | |
| Right click | 706 | |
| Select / deselect | 257 | |
| Select group hotkey | 515 | |
| Use ability | 50 | |
1897 total
» units
| Wisp | 8 | |
| Huntress | 31 | |
| Dryad | 10 | |
| Archer | 2 | |
51 total
» upgrades
| Strength of the Moon | 2 | |
| Moon Armor | 2 | |
| Abolish Magic | 1 | |
| Strength of the Wild | 2 | |
7 total
» buildings
| Altar of Elders | 1 | |
| Moon Well | 7 | |
| Hunter's Hall | 1 | |
| Ancient of War | 1 | |
| Tree of Ages | 1 | |
| Ancient of Lore | 1 | |
12 total
» build order
00:10 Altar of Elders
00:20 Moon Well
01:10 Hunter's Hall
01:41 Ancient of War
01:57 Moon Well
02:41 Moon Well
04:11 Tree of Ages
06:36 Moon Well
06:38 Ancient of Lore
10:54 Moon Well
19:45 Moon Well
19:53 Moon Well
» items
| Circlet of Nobility | 1 | |
| Scroll of Town Portal | 2 | |
| Scroll of Protection | 1 | |
| Scroll of Regeneration | 1 | |
| Lesser Clarity Potion | 1 | |
6 total

»
3i5j23i5j3i5 (
purple | 112 APM | 2535 actions | 22:36)
5 Archmage
3 Summon Water Elemental
2 Brilliance Aura
4 Beastmaster
2 Summon Quilbeast
2 Summon Hawk
3 Firelord
2 Summon Lava Spawn
1 Soul Burn
» actions
| Assign group hotkey | 55 | |
| Basic commands | 163 | |
| Build / train | 108 | |
| ESC pressed | 3 | |
| Enter build submenu | 23 | |
| Enter hero's abilities submenu | 12 | |
| Give item / drop item | 4 | |
| Right click | 1000 | |
| Select / deselect | 398 | |
| Select group hotkey | 595 | |
| Use ability | 174 | |
2535 total
» units
| Peasant | 13 | |
| Footman | 8 | |
| Sorceress | 3 | |
| Priest | 3 | |
| Rifleman | 7 | |
| Mortar Team | 7 | |
41 total
» upgrades
| Defend | 1 | |
| Sorceress Training | 1 | |
| Priest Training | 1 | |
| Masonry | 2 | |
| Lumber Harvesting | 2 | |
| Long Rifles | 1 | |
| Gunpowder | 3 | |
| Fragmentation Shards | 1 | |
| Armor | 1 | |
13 total
» buildings
| Altar of Kings | 1 | |
| Farm | 11 | |
| Barracks | 1 | |
| Scout Tower | 1 | |
| Arcane Tower | 2 | |
| Arcane Vault | 1 | |
| Keep | 2 | |
| Blacksmith | 1 | |
| Castle | 2 | |
| Arcane Sanctum | 2 | |
| Lumber Mill | 1 | |
| Guard Tower | 2 | |
| Town Hall | 2 | |
| Workshop | 1 | |
30 total
» build order
00:09 Altar of Kings
00:16 Farm
00:45 Barracks
00:52 Farm
01:26 Farm
01:52 Farm
01:59 Scout Tower
03:06 Arcane Tower
03:06 Arcane Tower
03:09 Farm
04:27 Arcane Vault
04:28 Keep
04:28 Keep
05:02 Blacksmith
07:55 Castle
07:55 Castle
07:56 Arcane Sanctum
07:57 Arcane Sanctum
07:59 Farm
09:18 Lumber Mill
09:40 Farm
11:10 Guard Tower
11:11 Guard Tower
12:46 Town Hall
13:08 Town Hall
14:20 Workshop
14:54 Farm
14:55 Farm
15:10 Farm
15:11 Farm
» items
| Scroll of Regeneration | 3 | |
| Lesser Clarity Potion | 1 | |
| Potion of Healing | 3 | |
| Ivory Tower | 3 | |
| Potion of Lesser Invulnerability | 1 | |
| Boots of Speed | 1 | |
| Staff of Teleportation | 2 | |
| Staff of Sanctuary | 2 | |
| Scroll of Town Portal | 1 | |
17 total
TiAl1 (
green | 105 APM | 2375 actions | 22:38)
6 Goblin Alchemist
2 Chemical Rage
3 Healing Spray
1 Transmute
5 Goblin Tinker
3 Pocket Factory
2 Engineering Upgrade
» actions
| Assign group hotkey | 31 | |
| Basic commands | 33 | |
| Build / train | 67 | |
| Enter build submenu | 33 | |
| Enter hero's abilities submenu | 11 | |
| Give item / drop item | 5 | |
| Right click | 933 | |
| Select / deselect | 325 | |
| Select group hotkey | 821 | |
| Use ability | 116 | |
2375 total
» units
| Peasant | 12 | |
| Footman | 4 | |
| Gryphon Rider | 7 | |
23 total
» upgrades
| Lumber Harvesting | 2 | |
| Storm Hammers | 1 | |
| Swords | 3 | |
| Armor | 3 | |
| Animal War Training | 1 | |
| Cloud | 1 | |
| Masonry | 1 | |
12 total
» buildings
| Altar of Kings | 1 | |
| Barracks | 1 | |
| Farm | 9 | |
| Scout Tower | 14 | |
| Arcane Vault | 1 | |
| Arcane Tower | 1 | |
| Keep | 1 | |
| Lumber Mill | 1 | |
| Castle | 1 | |
| Gryphon Aviary | 4 | |
| Blacksmith | 2 | |
| Guard Tower | 6 | |
| Town Hall | 1 | |
43 total
» build order
00:49 Altar of Kings
00:51 Barracks
00:53 Farm
00:54 Farm
01:05 Farm
01:34 Scout Tower
02:05 Arcane Vault
02:41 Farm
03:08 Arcane Tower
03:48 Keep
04:20 Lumber Mill
06:33 Castle
07:16 Gryphon Aviary
07:17 Gryphon Aviary
07:18 Gryphon Aviary
07:20 Gryphon Aviary
07:29 Farm
07:33 Blacksmith
07:36 Blacksmith
09:39 Farm
09:40 Farm
15:56 Scout Tower
15:57 Scout Tower
15:57 Scout Tower
15:58 Scout Tower
15:59 Scout Tower
16:04 Farm
16:05 Farm
16:09 Scout Tower
16:10 Scout Tower
16:10 Scout Tower
16:11 Scout Tower
16:12 Scout Tower
16:13 Scout Tower
16:15 Scout Tower
16:15 Scout Tower
16:27 Guard Tower
16:28 Guard Tower
16:29 Guard Tower
16:29 Guard Tower
16:31 Guard Tower
17:42 Guard Tower
17:46 Town Hall
» items
| Scroll of Regeneration | 2 | |
| Boots of Speed | 1 | |
| Staff of Teleportation | 1 | |
| Scroll of Town Portal | 4 | |
| Potion of Mana | 1 | |
| Lesser Clarity Potion | 1 | |
10 total
Chat log
(00:02 / Allies) GANJAKING: rush
(00:11 / Allies) 3i5j23i5j3i5: 2v2
(00:40 / Allies) 3i5j23i5j3i5: is this map any different in the new version?
(00:46 / Allies) iMAGiNE]: a little
(00:47 / Allies) TiAl1: a little
(00:51 / Allies) GANJAKING: how
(00:53 / Allies) iMAGiNE]: creeps stronger
(00:57 / Allies) 3i5j23i5j3i5: dammit
(00:59 / Allies) iMAGiNE]: tighter spots
(01:01 / Allies) 3i5j23i5j3i5: i have a good creep pattern on this map lol
(01:06 / Allies) iMAGiNE]: yee not no more
(01:21 / Allies) iMAGiNE]: hurts my fast expos
(01:22 / Allies) iMAGiNE]: alot
(01:23 / Allies) iMAGiNE]: in solo
(01:25 / Allies) iMAGiNE]: =
(01:27 / Allies) iMAGiNE]: =/
(01:28 / Allies) 3i5j23i5j3i5: haha
(01:45 / Allies) 3i5j23i5j3i5: are red spots still the nasty hydras?
(01:50 / Allies) GANJAKING: ya
(02:05 / All) GANJAKING: i walk these empty streets alone
(02:51 / Allies) 3i5j23i5j3i5: where are your units
(02:57 / Allies) GANJAKING: theyre invisible
(04:15 / Allies) GANJAKING: im ready to hit
(04:32 / All) iMAGiNE]: MAN UR SO GOOD HOWD U LEARN THAT
(04:37 / All) iMAGiNE]: MUST BE YOUTUBE
(04:48 / Allies) 3i5j23i5j3i5: alchemist pretty op in this
(04:51 / Allies) iMAGiNE]: broken
(04:52 / Allies) iMAGiNE]: heal
(04:56 / Allies) GANJAKING: baby help
(05:03 / All) 6ix: pornhub.com
(05:10 / All) iMAGiNE]: not your moms tricks
(05:12 / All) iMAGiNE]: your tricks fam
(05:19 / All) 6ix: pornhub.com
(05:37 / Allies) GANJAKING: book of ded
(05:38 / Allies) GANJAKING: lets hit
(05:59 / Allies) 3i5j23i5j3i5: one sec
(06:01 / Allies) 3i5j23i5j3i5: defend for towers
(06:11 / Allies) GANJAKING: hit bro
(06:19 / Allies) 3i5j23i5j3i5: omw
(06:22 / Allies) 3i5j23i5j3i5: keep your hunts back
(06:28 / Allies) 3i5j23i5j3i5: i will go in with defend
(06:46 / Allies) iMAGiNE]: wyvs
(06:48 / Allies) iMAGiNE]: 100%
(07:21 / Allies) GANJAKING: he lost all ghouls
(07:22 / Allies) GANJAKING: help
(07:37 / Allies) GANJAKING: and cryopt
(07:37 / Allies) GANJAKING: b
(08:22 / All) TiAl1: cocksucker
(08:43 / Allies) GANJAKING: great hit
(09:52 / Allies) GANJAKING: rehit?
(11:13 / Allies) iMAGiNE]: get his workers
(11:15 / Allies) iMAGiNE]: with air
(11:23 / Allies) GANJAKING: yelow has NOTHING
(12:06 / Allies) TiAl1: out
(12:48 / Allies) GANJAKING: my base
(12:49 / Allies) GANJAKING: theyre coming
(12:49 / Allies) GANJAKING: help
(12:53 / Allies) GANJAKING: why rnt u guys hitting
(12:57 / Allies) iMAGiNE]: i just did
(13:02 / Allies) iMAGiNE]: can i get more units?
(14:55 / Allies) GANJAKING: he still has nothing
(14:56 / Allies) GANJAKING: like
(14:57 / Allies) GANJAKING: hit
(15:00 / Allies) GANJAKING: ffs
(15:27 / Allies) TiAl1: b
(16:02 / Allies) iMAGiNE]: they wont hit me
(16:14 / Allies) iMAGiNE]: not dumb enough
(16:26 / Allies) iMAGiNE]: been trying to provoke it
(16:28 / Allies) iMAGiNE]: lol
(17:52 / Allies) GANJAKING: tp my base
(17:53 / Allies) GANJAKING: all
(18:03 / Allies) GANJAKING: like idk why
(18:06 / Allies) GANJAKING: you guys are so bad
(18:08 / Allies) GANJAKING: but imabout to leave
(18:11 / Allies) GANJAKING: easy win
(18:13 / Allies) GANJAKING: but you guys r soo bad
(18:15 / Allies) GANJAKING: its funny
(18:17 / Allies) GANJAKING: tp now
(18:59 / Allies) TiAl1: dude you're such a fuckign whienr lol
(19:14 / Allies) GANJAKING: lol u creeping all game while im fighting them
(19:16 / Allies) GANJAKING: shut up
(19:23 / Allies) TiAl1: me and pink hit red like 3 times
(19:25 / Allies) TiAl1: and yellow twice
(19:26 / Allies) TiAl1: UI did
(19:26 / Allies) 3i5j23i5j3i5: blue take this
(20:51 / Allies) iMAGiNE]: b
(20:52 / Allies) GANJAKING: omw
(21:36 / All) GANJAKING: gg
(22:09 / All) TiAl1: I don't think you killed even griff with bat lol
(22:18 / Allies) iMAGiNE]: armor too high
(22:21 / Allies) iMAGiNE]: gryph has great armor
(22:24 / All) 3i5j23i5j3i5: alchemist is too op now